 Dungeon Crawl Stone Soup version 0.28.0-53-g5a82cb258f (webtiles) character file.

Game seed: 15690183666072671786

37 DemonSlayer the Firebug (level 3, -1/36 HPs)
             Began as a Demonspawn Fire Elementalist on Aug 3, 2022.
             Frozen to death by an endoplasm (2 damage)
             ... on level 3 of the Dungeon.
             The game lasted 00:03:07 (1911 turns).

DemonSlayer the Firebug (DsFE)                      Turns: 1911, Time: 00:03:08

Health: -1/36      AC: 21    Str:  8    XL:     3   Next: 21%
Magic:  4/6        EV:  2    Int: 18    God:
Gold:   38         SH:  0    Dex: 13    Spells: 3/6 levels left

rFire   . . .      SeeInvis .   b - +0 dagger
rCold   . . .      Faith    .   (no shield)
rNeg    . . .      Spirit   .   (armour currently unavailable)
rPois   +          Reflect  .   (helmet currently unavailable)
rElec   .          Harm     .   (cloak currently unavailable)
rCorr   .          Rampage  .   (gloves currently unavailable)
Will    .....      NoTele   +   (boots currently unavailable)
Stlth   ++........              (no amulet)
HPRegen 0.12/turn               (no ring)
MPRegen 0.10/turn               (no ring)

@: tree-form
A: stationary, stasis, torment immunity, boosted hp, demonic guardian 1
a: no special abilities


You were on level 3 of the Dungeon.
You were a tree.
You visited 1 branch of the dungeon, and saw 3 of its levels.

You collected 38 gold pieces.

Inventory:

Hand Weapons
 b - a +0 dagger (weapon)
Armour
 a - a +0 robe (melded)
Scrolls
 d - a scroll of fear {unknown}
 e - 3 scrolls of enchant weapon {unknown}
 f - a scroll of identify {unknown}
 g - a scroll of enchant armour {unknown}


   Skills:
 + Level 0.3 Short Blades
 + Level 1.9 Dodging
 + Level 2.0 Stealth
 + Level 2.2 Spellcasting
 + Level 1.3 Conjurations
 + Level 3.4 Fire Magic


You had 3 spell levels left.
You knew the following spells:

 Your Spells              Type           Power      Damage    Failure   Level
a - Foxfire               Conj/Fire      40%        2x1d6     7%          1
b - Scorch                Fire           28%        2d6       7%          2

Your spell library contained the following spells:

 Spells                   Type           Power      Damage    Failure   Level
 Conjure Flame            Conj/Fire      10%        6-21      21%         3
 Inner Flame              Hex/Fire       8%         N/A       26%         3
 Flame Wave               Conj/Fire      10%        2d5       54%         4


Dungeon Overview and Level Annotations

Branches:
Dungeon (3/15)

Altars:

Annotations:
D:2 Natasha, Terence


Innate Abilities, Weirdness & Mutations

You are a tree.
Your roots penetrate the ground, keeping you stationary.
You cannot be teleported.
You are immune to unholy pain and torment.
Your maximum health is greatly increased.
Your equipment is partially melded.
A weak demonic guardian rushes to your aid.


Message History

* * * LOW HITPOINT WARNING * * *
The orc hits you but does no damage.
Your shadow imp gestures at the bat.
The bat writhes in agony!
The bat dies!
You hit the endoplasm but do no damage.
The endoplasm is moderately wounded.
The endoplasm hits you but does no damage.
Your shadow imp hits the orc.
You hit the endoplasm.
The endoplasm is heavily wounded.
The endoplasm freezes you.
You are frozen.
* * * LOW HITPOINT WARNING * * *
The orc barely misses your shadow imp.
Your shadow imp closely misses the orc.
You hit the endoplasm but do no damage.
The endoplasm is heavily wounded.
The endoplasm freezes you.
You are frozen.
* * * LOW HITPOINT WARNING * * *
The orc hits you but does no damage. x2
The orc closely misses your shadow imp.
You hit the orc. You punch the orc.
The orc is severely wounded.
Your shadow imp barely misses the orc.
The endoplasm freezes you.
You are frozen.
* * * LOW HITPOINT WARNING * * *
The orc hits you but does no damage. x2; The orc barely misses your shadow imp.
Unknown command.
Unknown command.
Unknown command.
Unknown command.
Unknown command.
You hit the orc.
The orc is almost dead.
Your shadow imp closely misses the orc.
The endoplasm freezes you.
You are frozen.
You die...

.. #..
#.####.###
##........#
..........##
#.........#
#.........#
#.l.)...##
#.†oJo...#
#..o♣....#
##.5.....#
##......#
#......#
########


You could see 3 orcs, an endoplasm, a frilled lizard and a friendly shadow imp
(summoned).

Vanquished Creatures
  A worm (D:2)
  3 ball pythons
  2 endoplasms (D:1)
  3 giant cockroaches (D:1)
  6 goblins
  2 hobgoblins
  A quokka (D:1)
  3 bats
  A frilled lizard (D:1)
  2 kobolds
  7 rats
31 creatures vanquished.

Vanquished Creatures (collateral kills)
  A bat (D:3)
  4 foxfires (D:2)
5 creatures vanquished.

Vanquished Creatures (others)
  115 foxfires
115 creatures vanquished.

Grand Total: 151 creatures vanquished

Notes
Turn   | Place    | Note
-------+----------+-------------------------------------------
     0 | D:1      | DemonSlayer the Demonspawn Fire Elementalist began the
                  | quest for the Orb.
     0 | D:1      | Reached XP level 1. HP: 13/13 MP: 3/3
   132 | D:1      | Reached skill level 3 in Fire Magic
   394 | D:1      | Gained mutation: A weak demonic guardian rushes to your
                  | aid. [demonic ancestry]
   394 | D:1      | Reached XP level 2. HP: 19/19 MP: 1/5
   397 | D:1      | Learned a level 2 spell: Scorch
  1511 | D:2      | Reached XP level 3. HP: 24/24 MP: 1/6
  1880 | D:2      | Noticed Terence
  1884 | D:2      | Noticed Natasha
  1910 | D:3      | HP: 1/36 [frozen (3)]
  1911 | D:3      | Frozen to death by an endoplasm

Illustrated notes

Levels and vault maps discovered:
D:1:      saegor_arrival_under_anarchy, layout_loops_corners,
          chequers_serial_rivers_small_3
D:2:      layout_basic, chequers_big_river, minmay_pentomino_t2, uniq_sigmund,
          uniq_jessica, uniq_terence, uniq_natasha
D:3:      layout_basic, chequers_temple_overflow_statue_of_worship,
          shapermc_ecumenical_altar_ellora, item_on_display_b

Skill      XL: |  1  2 |
---------------+-------+-----
Fire Magic     | 3 |  3.4
Stealth        | 2 |  2.0
Short Blades   | |  0.3
Dodging        | |  1.9
Spellcasting   | |  2.2
Conjurations   | |  1.3

Action                   || total
-------------------------++-------
Melee: Dagger            ||    25
       Punch             ||     1
 Cast: Foxfire           ||    71
  Use: Potion            ||     1
 Stab: Sleeping          ||     7
Armor: Robe              ||     4
       Skin              ||    20
Dodge: Dodged            ||    16
